 Dungeon Crawl Stone Soup version 0.21-a0-110-g8e1637b (webtiles) character file.

823 meatball the Ruffian (level 7, -4/71 HPs)
             Began as a Troll Monk on July 9, 2017.
             Was a Believer of Wu Jian.
             Slain by p0werm0de's ghost (13 damage)
             ... on level 6 of the Dungeon.
             The game lasted 00:14:07 (3644 turns).

meatball the Ruffian (Troll Monk)                   Turns: 3644, Time: 00:14:07

Health: -4/71      AC:  5    Str: 22    XL:     7   Next: 64%
Magic:  6/6        EV: 12    Int:  6    God:    Wu Jian [**....]
Gold:   228        SH:  0    Dex: 12    Spells: 6/6 levels left

rFire    . . .     SeeInvis .     - Unarmed
rCold    . . .     Gourm    +   (no shield)
rNeg     . . .     Faith    .   a - +0 robe
rPois    .         Spirit   .   (helmet restricted)
rElec    .         Reflect  .   (no cloak)
rCorr    .         Harm     .   (gloves unavailable)
MR       .....                  (boots unavailable)
Stlth    ++........             (no amulet)
HPRegen  0.61/turn              (no ring)
MPRegen  0.10/turn              (no ring)

@: about to teleport, starving
A: unfitting armour, claws 3, fast metabolism 3, gourmand, regeneration 1,
shaggy fur 1, tough skin 2
a: Renounce Religion


You were on level 6 of the Dungeon.
You worshipped Wu Jian.
Wu Jian was pleased with you.
You were starving.

You visited 2 branches of the dungeon, and saw 7 of its levels.

You collected 228 gold pieces.

Inventory:

Armour
 a - a +0 robe (worn)
Jewellery
 d - an uncursed ring of wizardry {unknown}
 m - an uncursed amulet of guardian spirit {unknown}
 o - an uncursed ring of flight {unknown}
 q - a cursed ring of loudness {unknown}
 u - a cursed -6 ring of evasion {unknown}
Scrolls
 f - 7 scrolls of identify {unknown}
 g - 2 scrolls of teleportation
 i - 3 scrolls of enchant weapon {unknown}
 k - 3 scrolls of remove curse {unknown}
Potions
 e - 2 potions of might {unknown}
 j - 2 potions of berserk rage {unknown}
 l - 2 potions of heal wounds {unknown}
 n - a potion of haste {unknown}
 p - a potion of degeneration {unknown}
 r - a potion of lignification {unknown}
 s - a potion of flight {unknown}
 t - a potion of curing {unknown}
Comestibles
 b - 6 bread rations
 c - 2 meat rations
 h - 2 royal jellies


   Skills:
 + Level 4.8 Fighting
 + Level 4.8 Dodging
 - Level 1.0 Stealth
 + Level 5.7 Unarmed Combat


You had 6 spell levels left.
You didn't know any spells.

Dungeon Overview and Level Annotations

Branches:
Dungeon (6/15)             Temple (1/1) D:4

Altars:
Ashenzari
Cheibriados
Dithmenos
Elyvilon
Fedhas
Gozag
Hepliaklqana
Kikubaaqudgha
Makhleb
Nemelex Xobeh
Okawaru
Qazlal
Ru
Sif Muna
Trog
Uskayaw
Vehumet
Wu Jian
Xom
Yredelemnul
Zin
The Shining One

Shops:
D:4 =

Annotations:
D:6 Prince Ribbit; p0werm0de's ghost, novice DsCK


Innate Abilities, Weirdness & Mutations

You are too large for most types of armour.
You have claws for hands.
Your metabolism is lightning-fast.
You like to eat raw meat.
Your natural rate of healing is unusually fast.
You are covered in fur. (AC +1)
You have very tough skin. (AC +2)


Message History

You attack p0werm0de's ghost from above.
You scratch p0werm0de's ghost.
P0werm0de's ghost is lightly damaged.
P0werm0de's ghost misses you.
You scratch p0werm0de's ghost but do no damage.
P0werm0de's ghost is lightly damaged.
P0werm0de's ghost hits you.
* * * LOW HITPOINT WARNING * * *
You scratch p0werm0de's ghost but do no damage.
P0werm0de's ghost is lightly damaged.
P0werm0de's ghost closely misses you.
You scratch p0werm0de's ghost.
P0werm0de's ghost is lightly damaged.
P0werm0de's ghost hits you.
* * * LOW HITPOINT WARNING * * *
You aren't wearing any rings or amulets.
As you read the scroll labeled NYEFAD FEJUK, it crumbles to dust.
You feel strangely unstable.
It was a scroll of teleportation.
P0werm0de's ghost hits you!
You die...

#.## #.###F.
#.....# #.# #.#
#.# #.#
#############.#
#.W@F.........#
#.#############
#.##.........#
#....#######.#
###### #.# #.#
#.# #.# #.#


You could see Prince Ribbit and p0werm0de's ghost.

Vanquished Creatures
  Edmund (D:5)
  A sky beast (D:5)
  An ogre (D:5)
  A phantom (D:5)
  The ghost of meatball the Slasher, an amateur DsGl (D:3)
  A centaur (D:4)
  2 hounds
  An iguana (D:4)
  A worker ant (D:4)
  4 gnolls (D:2)
  5 adders
  A shadow imp (D:5)
  An ooze (D:1)
  An adder skeleton (D:4)
  An adder zombie (D:5)
  2 worms
  A leopard gecko (D:3)
  4 orcs (D:3)
  2 giant cockroaches
  6 goblins
  7 hobgoblins
  7 jackals
  4 kobolds
  4 quokkas
  3 ball pythons
  4 bats
  3 frilled lizards
  5 rats
75 creatures vanquished.

Notes
Turn   | Place    | Note
-------+----------+-------------------------------------------
     0 | D:1      | meatball the Troll Monk began the quest for the Orb.
     0 | D:1      | Reached XP level 1. HP: 22/22 MP: 0/0
   145 | D:1      | Reached XP level 2. HP: 21/29 MP: 1/1
   584 | D:2      | Reached XP level 3. HP: 33/36 MP: 2/2
   788 | D:2      | Reached XP level 4. HP: 24/45 MP: 3/3
  1299 | D:3      | Noticed meatball's ghost (amateur DsGl)
  1308 | D:3      | Killed meatball's ghost
  1308 | D:3      | Reached skill level 4 in Unarmed Combat
  1308 | D:3      | Reached XP level 5. HP: 43/53 MP: 4/4
  2102 | D:4      | Found Zusuraps's Jewellery Boutique.
  2184 | D:4      | Reached XP level 6. HP: 53/62 MP: 5/5
  2230 | D:4      | Found a staircase to the Ecumenical Temple.
  2264 | Temple   | Entered the Ecumenical Temple
  2499 | Temple   | Became a worshipper of the Wu Jian Council
  2499 | Temple   | Reached * piety under Wu Jian
  2499 | Temple   | Reached ** piety under Wu Jian
  2567 | D:4      | Found a stormy altar of Qazlal.
  2910 | D:5      | Entered Level 5 of the Dungeon
  2934 | D:5      | Found a shadowy altar of Dithmenos.
  2945 | D:5      | Reached skill level 5 in Unarmed Combat
  2994 | D:5      | Reached XP level 7. HP: 71/71 MP: 6/6
  3139 | D:5      | Noticed Edmund
  3159 | D:5      | Killed Edmund
  3614 | D:6      | Noticed Prince Ribbit
  3615 | D:6      | Noticed p0werm0de's ghost (novice DsCK)
  3644 | D:6      | Slain by p0werm0de's ghost

Vault maps used:
D:1:      saegor_arrival_simple_b, serial_curves, eino_curves_03,
          eino_curves_03, minmay_misc_feat_tiny, bh_walls_and_bars
D:3:      minmay_door_path, first_bread
D:4:      kennysheep_little_box, minmay_temple_entry_junction_2, serial_shops,
          nicolae_shop_temple_entry_statues_fountains
D:5:      grunt_dithmenos_shadows, uniq_edmund
D:6:      portal_sewer_entry_f, uniq_blork_the_orc, uniq_prince_ribbit1,
          uniq_eustachio
Temple:   roderic_octagonal_lattice_temple

Skill      XL: |  1  2  3  4  5  6 |
---------------+-------------------+-----
Dodging        | 3 4 |  4.8
Fighting       | 3 4 |  4.8
Unarmed Combat | 4 5 |  5.7
Stealth        | |  1.0

Action                   |  1- 3 |  4- 6 |  7- 9 || total
-------------------------+-------+-------+-------++-------
Melee: Unarmed           |    93 |   105 |    36 ||   234
       Punch             |       |     5 |     4 ||     9
  Use: Scroll            |       |       |     1 ||     1
 Stab: Sleeping          |     3 |     3 |       ||     6
  Eat: Chunk             |    12 |    16 |       ||    28
Armor: Robe              |    28 |    15 |     2 ||    45
Dodge: Dodged            |    42 |    39 |    12 ||    93
